 Dungeon Crawl Stone Soup version 0.31-a0-229-g1fc7ce9 (webtiles) character file.

Game seed: 17055993019353963074

1557748 Dhd the Intangible (level 26, 185/192 (216) HPs)
             Began as a Merfolk Gladiator on July 5, 2023.
             Was the Champion of Ru.
             Escaped with the Orb
             ... and 3 runes on July 6, 2023!
             The game lasted 05:24:06 (78781 turns).

Dhd the Intangible (Merfolk Gladiator)             Turns: 78781, Time: 05:24:06

HP:   185/192 (216) AC: 32    Str: 27    XL:     26
MP:   23/23         EV: 17    Int:  7    God:    Ru [******]
Gold: 2360          SH: 26    Dex: 13    Spells: 25/25 levels left

rFire   + + +        a - +8 demon trident of Yhaogeta {flame, SInv Stlth+}
rCold   + . .        S - +2 tower shield
rNeg    . . .        F - +5 plate armour {rPois}
rPois   +            Z - +0 helmet of Heozawis {rF+}
rElec   +            U - +2 cloak {Will+}
rCorr   +            O - +2 pair of gloves "Hucayb" {Contam rElec Int+3}
SInv    +            Y - +2 pair of boots "Zikumud" {Str+4 Int-5 Slay+2}
Will    +++..        g - amulet of reflection Stlth
                     n - ring "Othro" {rElec rPois rF+ rCorr SInv}
HPRegen 0.52/turn    T - ring of Xom's Amusement {rF+ rC+ Will+ Slay+3}
MPRegen 0.18/turn

%: reflection
@: glowing, studying Ranged Weapons, heavily drained
A: clumsy 1, no stealth, hated by all, no fire magic, no necromancy magic, no
transmutations magic, unskilled 1, inexperienced 1, (nimble swimmer 2), mertail,
dopey 1, frail 1
0: Orb of Zot
}: 3/15 runes: decaying, serpentine, silver
a: Renounce Religion, Draw Out Power, Power Leap, Apocalypse


You escaped.
You worshipped Ru.
Ru was exalted by your worship.
You visited 10 branches of the dungeon, and saw 48 of its levels.
You visited the Abyss 1 time.
You also visited: Gauntlet.

You collected 8061 gold pieces.
You spent 5701 gold pieces at shops.

Inventory:

Hand Weapons
 a - the +8 demon trident of Yhaogeta (weapon) {flame, SInv Stlth+}
   (You acquired it on level 1 of the Swamp)

   SInv:      It lets you see invisible.
   Stlth:     It makes you more stealthy.
Missiles
 b - 4 throwing nets {!f}
 c - 4 silver javelins
 e - 4 javelins
 s - 6 curare-tipped darts {!f}
 y - 10 boomerangs (quivered)
Armour
 F - a +5 plate armour of poison resistance (worn)
 O - the +2 pair of gloves "Hucayb" (worn) {Contam rElec Int+3}
   (You found it on level 1 of the Elven Halls)

   Int:       It affects your intelligence (+3).
   rElec:     It insulates you from electricity.
   Contam:    It causes magical contamination when unequipped.
 S - a +2 tower shield (worn)
 U - a +2 cloak of willpower (worn)
 Y - the +2 pair of boots "Zikumud" (worn) {Str+4 Int-5 Slay+2}
   (You bought it in a shop on level 2 of the Orcish Mines)

   Str:       It affects your strength (+4).
   Int:       It affects your intelligence (-5).
   Slay:      It affects your accuracy & damage with ranged weapons and melee
   (+2).
 Z - the +0 helmet of Heozawis (worn) {rF+}
   (You found it in a Gauntlet)

   rF:        It protects you from fire.
Jewellery
 f - an amulet of regeneration
 g - an amulet of reflection (around neck)
 n - the ring "Othro" (left hand) {rElec rPois rF+ rCorr SInv}
   (You acquired it on level 2 of the Realm of Zot)

   [ring of see invisible]

   rF:        It protects you from fire.
   rElec:     It insulates you from electricity.
   rPois:     It protects you from poison.
   SInv:      It lets you see invisible.
   rCorr:     It protects you from acid and corrosion.
 x - the ring of the Lotus Blossom {rElec Will+ Int+3}
   (You took it off a vampire mage on level 2 of the Depths)

   [ring of willpower]

   Int:       It affects your intelligence (+3).
   rElec:     It insulates you from electricity.
   Will:      It increases your willpower.
 B - the ring "Vefissez" {Fly rN++}
   (You found it on level 3 of the Dungeon)

   [ring of flight]

   rN:        It greatly protects you from negative energy.
   Fly:       It grants you flight.
 T - the ring of Xom's Amusement (right hand) {rF+ rC+ Will+ Slay+3}
   (You took it off a deep elf elementalist on level 3 of the Elven Halls)

   [ring of protection from cold]

   Slay:      It affects your accuracy & damage with ranged weapons and melee
   (+3).
   rF:        It protects you from fire.
   rC:        It protects you from cold.
   Will:      It increases your willpower.
 V - a +5 ring of evasion
Wands
 v - a wand of roots (79)
 C - a wand of digging (20)
 I - a wand of polymorph (38)
 X - a wand of acid (6)
Scrolls
 d - 5 scrolls of poison
 i - 3 scrolls of enchant weapon
 l - 3 scrolls of blinking
 m - 2 scrolls of silence {!r}
 u - 20 scrolls of teleportation
 D - 6 scrolls of immolation
 H - 5 scrolls of vulnerability
 K - 8 scrolls of fog
 R - 8 scrolls of fear
Potions
 h - 3 potions of ambrosia
 o - a potion of haste
 p - 2 potions of resistance
 q - 15 potions of curing
 r - 16 potions of attraction
 t - 6 potions of lignification
 w - 4 potions of heal wounds
 z - 4 potions of invisibility
 A - 10 potions of enlightenment
 E - 4 potions of berserk rage {!q}
 G - a potion of brilliance
 M - 5 potions of cancellation
 N - a potion of might
 Q - 5 potions of mutation
 W - a potion of magic
Miscellaneous
 j - a tin of tremorstones (1/2)
 k - a lightning rod (4/4)
 J - a phial of floods


   Skills:
 + Level 26.5 Fighting
 + Level 24.5 Polearms
 - Level 12.0 Throwing
 - Level 11.2 Armour
 O Level 27 Dodging
 + Level 17.3 Shields
 - Level 8.0 Evocations


You had 25 spell levels left.
You didn't know any spells.
Your spell library contained the following spells:

 Spells                   Type           Power      Damage    Failure   Level
 Apportation              Tloc           0%         N/A       100%        1
 Freeze                   Ice            0%         1d3       100%        1
 Magic Dart               Conj           0%         1d3       100%        1
 Slow                     Hex            0%         N/A       100%        1
 Blink                    Tloc           0%         N/A       100%        2
 Ensorcelled Hibernation  Hex/Ice        0%         N/A       100%        2
 Lesser Beckoning         Tloc           0%         N/A       100%        2
 Momentum Strike          Conj/Tloc      0%         3d8       100%        2
 Poisonous Vapours        Pois/Air       0%         N/A       100%        2
 Searing Ray              Conj           0%         2d4       100%        2
 Confusing Touch          Hex            0%         N/A       100%        3
 Frozen Ramparts          Ice            0%         1d1       100%        3
 Gell's Gravitas          Tloc           0%         N/A       100%        3
 Hailstorm                Conj/Ice       0%         3d3       100%        3
 Mephitic Cloud           Conj/Pois/Air  0%         N/A       100%        3
 Ozocubu's Armour         Ice            0%         N/A       100%        3
 Stone Arrow              Conj/Erth      0%         3d7       100%        3
 Teleport Other           Tloc           0%         N/A       100%        3
 Airstrike                Air            0%         2d(0-16)  100%        4
 Cause Fear               Hex            0%         N/A       100%        4
 Fulminant Prism          Conj/Hex       0%         3d5       100%        4
 Leda's Liquefaction      Hex/Erth       0%         N/A       100%        4
 Olgreb's Toxic Radiance  Pois           0%         N/A       100%        4
 Passage of Golubria      Tloc           0%         N/A       100%        4
 Arcjolt                  Conj/Air       0%         1d10      100%        5
 Freezing Cloud           Conj/Ice/Air   0%         6-21      100%        5
 Lee's Rapid Deconstruct  Erth           0%         3d4*      100%        5
 Metabolic Englaciation   Hex/Ice        0%         N/A       100%        5
 Leda's Unmaking          Conj/Erth      0%         9d1       100%        6
 Enfeeble                 Hex            0%         N/A       100%        7
 Ozocubu's Refrigeration  Ice            0%         4d7       100%        7
 Discord                  Hex            0%         N/A       100%        8
 Maxwell's Capacitive Co  Air            0%         ∞         100%        8
 Polar Vortex             Ice            0%         N/A       100%        9
 Summon Small Mammal      Summ           Unusable   N/A       N/A         1
 Cigotuvi's Dreadful Rot  Necr/Pois/Air  Unusable   N/A       N/A         2
 Call Canine Familiar     Summ           Unusable   N/A       N/A         3
 Ignite Poison            Fire/Tmut/Pois Unusable   N/A       N/A         3
 Inner Flame              Hex/Fire       Unusable   N/A       N/A         3
 Spider Form              Tmut/Pois      Unusable   N/A       N/A         3
 Summon Guardian Golem    Hex/Summ       Unusable   N/A       N/A         3
 Tukima's Dance           Hex            Unusable   N/A       N/A         3
 Vampiric Draining        Necr           Unusable   2d6       N/A         3
 Anguish                  Hex/Necr       Unusable   N/A       N/A         4
 Ice Form                 Ice/Tmut       Unusable   N/A       N/A         4
 Petrify                  Tmut/Erth      Unusable   N/A       N/A         4
 Summon Ice Beast         Ice/Summ       Unusable   N/A       N/A         4
 Summon Lightning Spire   Summ/Air       Unusable   N/A       N/A         4
 Alistair's Intoxication  Tmut/Pois      Unusable   N/A       N/A         5
 Yara's Violent Unravell  Hex/Tmut       Unusable   3d3       N/A         5
 Simulacrum               Ice/Necr       Unusable   N/A       N/A         6
 Statue Form              Tmut/Erth      Unusable   N/A       N/A         6
 Dragon Form              Tmut           Unusable   N/A       N/A         7
 Ignition                 Fire           Unusable   3d3       N/A         8
 Dragon's Call            Summ           Unusable   N/A       N/A         9

Dungeon Overview and Level Annotations

Branches:
Dungeon (15/15)            Temple (1/1) D:7            Lair (5/5) D:8
  Swamp (4/4) Lair:2        Snake (4/4) Lair:3        Slime (0/5) Lair:5
    Orc (2/2) D:11            Elf (3/3) Orc:2        Vaults (5/5) D:13
  Crypt (0/3) Vaults:2     Depths (4/4) D:15            Zot (5/5) Depths:4
Gauntlet (visited)

Altars:
Ashenzari
Cheibriados
Dithmenos
Elyvilon
Gozag
Kikubaaqudgha
Makhleb
Nemelex Xobeh
Okawaru
Qazlal
Ru
Sif Muna
Trog
Uskayaw
Vehumet
Wu Jian
Xom
Zin
The Shining One
Lugonu

Shops:
D:5 (   D:10 (   Orc:1 *   Orc:2 [*(=   Snake:1 ([!?(   Snake:2 ::=
Vaults:4 ?   Depths:1 =*

Portals:
Hell: Depths:1 Depths:2 Depths:3 Depths:4
Abyss: Lair:5 Depths:2 Depths:3 Depths:4
Pandemonium: Depths:1 Depths:2
Ziggurat: Depths:3
Trove: D:12 (give 12 potions of heal wounds)

Annotations:
Depths:1 1 transporter, Tuoleabi's ghost, adept DsBr
Zot:1 3 runed translucent doors, Vapurghao's ghost, master MiBr


Innate Abilities, Weirdness & Mutations

You are clumsy. (Dex -2)
You cannot be stealthy.
You are hated by all.
You cannot study or cast Fire magic.
You cannot study or cast Necromancy magic.
You cannot study or cast Transmutations magic.
You are somewhat unskilled. (-1 Apt)
You are somewhat inexperienced. (-1 XL)
((You are very nimble when in or above water. (Stealth+, EV+, Speed+++)))
Your lower body shifts to a powerful aquatic tail in water.
You are dopey. (Int -2)
You are frail. (-10% HP)


Message History

You puncture the soul eater! You burn the soul eater.
The soul eater is almost dead.
You stick the soul eater like a pincushion!!!
You burn the soul eater.
You kill the soul eater!
A sun demon comes into view.
Things that are here:
a +0 dire flail; a +0 ring mail The sun demon attacks as you move away!
The sun demon is stunned by your conviction and fails to attack.
You puncture the sun demon!
The sun demon is moderately wounded.
The sun demon hits you!!
You are engulfed in flames.
You resist.
You completely miss the sun demon.
The sun demon is moderately wounded.
You block the sun demon's attack.
You impale the sun demon!!
The sun demon is severely wounded.
Your attacks no longer feel as feeble.
You spit the sun demon like a pig!!!
You kill the sun demon!
Aiming: Dig
Press: ? - help, Shift-Dir - straight line A rock wall.
This square is covered in magical glow.
The rock shatters into small pieces.
Aiming: Dig
Press: ? - help, Shift-Dir - straight line A rock wall.
This square is covered in magical glow.
The rock shatters into small pieces.
Aiming: Dig
Press: ? - help, Shift-Dir - straight line A rock wall.
This square is covered in magical glow.
The rock shatters into small pieces.
There is a staircase leading out of the dungeon here.
You start resting.
A cherub comes into view. It is wielding a +1 flail of flaming.
You have escaped!

#.# #.......## ####.#
#.# #.##...## #..... #.#
#.###.## #..#.. #.#
###.###.#######..... #.#
#.....#.....#...##.. #.#
#.###.#####.#.#.##..
#.###.# #...#.#...#.##..
#.....#####.#.#####.##..
#####.#@..#.#...# #.##..
#.A##.#.###.######..
###...#...#...# #..
###..##.#.###.####..
#...#.#.....#.##....
#.####..###.#.##.#..
#...#...# #.#.#..#..
###.#.#.###.#.#.##..
#...#.....#.#.##..


You could see a cherub.

Vanquished Creatures
  8 dread liches
  4 ancient liches
  3 orbs of fire (Zot:5)
  A juggernaut (Depths:2)
  Vv (Depths:4)
  Saint Roka (Vaults:5)
  2 Killer Klowns (Zot:5)
  5 curse toes
  2 caustic shrikes
  9 golden dragons
  A bone dragon (Swamp:4)
  2 doom hounds (Zot:4)
  2 Tzitzimimeh
  4 electric golems
  24 Orb Guardians (Zot:5)
  14 tentacled monstrosities
  5 liches
  7 quicksilver dragons
  2 deep elf blademasters (Elf:2)
  A walking divine tome (Depths:3)
  A walking frostbound tome (Depths:2)
  2 deep elf master archers (Elf:3)
  A quicksilver dragon (shapeshifter) (Vaults:5)
  3 titans
  Frances (Snake:2)
  7 sphinxes
  5 death cobs
  12 nagarajas
  An Executioner (D:7)
  19 storm dragons
  12 shadow dragons
  4 tengu reavers
  A thorn hunter (Swamp:2)
  4 draconian knights
  6 draconian monks
  A fenstrider witch (Swamp:3)
  8 frost giants
  6 vault wardens
  3 draconian scorchers
  15 fire giants
  2 iron dragons (Vaults:5)
  3 deep elf sorcerers
  3 ghost moths
  2 orc warlords
  4 draconian shifters
  Aizul (Snake:2)
  Louise (D:15)
  A balrug (D:1)
  The ghost of Dega the Acrobat, an adept SpHu of Dithmenos (Swamp:4)
  5 deep elf elementalists (Elf:3)
  3 formless jellyfish
  4 war gargoyles
  25 very ugly things
  A spriggan defender (Swamp:4)
  16 ironbound preservers
  5 ironbound thunderhulks
  2 draconian annihilators
  7 black draconians
  Nessos (D:15)
  A formless jellyfish (shapeshifter) (Vaults:5)
  24 stone giants
  9 deep elf demonologists
  A demonspawn black sun (D:1)
  7 green draconians
  6 eleionomae
  11 purple draconians
  2 vampire knights (Depths:4)
  3 bunyips
  A minotaur (Gauntlet)
  14 dire elephants
  5 yellow draconians
  4 deep elf annihilators
  9 red draconians
  7 white draconians
  An ettin (shapeshifter) (Depths:2)
  3 jiangshi (Depths:2)
  16 ettins
  Josephine (D:14)
  A crystal guardian (Vaults:2)
  2 deep elf high priests
  9 deep elf death magi
  8 great orbs of eyes
  11 yaktaur captains
  A quicksilver dragon zombie (Vaults:5)
  A fire dragon (shapeshifter) (D:15)
  10 fire dragons
  32 vault guards
  4 spriggan air magi
  5 ice dragons
  2 hell beasts
  4 rakshasas
  6 ghost crabs
  Erolcha (D:10)
  3 peacekeepers
  The ghost of TWOBALLS the Carver, a journeyman VSFi of Okawaru (Orc:1)
  2 catoblepae
  5 centaur warriors
  Erica (D:10)
  12 hydras
  6 ironbound frosthearts
  6 boulder beetles
  4 ogre magi
  16 alligators
  15 anacondas
  A two-headed ogre (shapeshifter) (Vaults:5)
  6 deep troll shamans
  12 two-headed ogres
  17 deep troll earth magi
  4 thrashing horrors (Lair:5)
  16 naga warriors
  An orc high priest (Orc:2)
  11 tengu warriors
  13 spriggan berserkers
  35 dancing weapons
  3 vampire magi (Depths:2)
  14 spriggans
  22 naga sharpshooters
  7 shock serpents
  A hell knight (Depths:3)
  Sonja (Lair:4)
  12 sun demons
  A soul eater (D:1)
  6 skeletal warriors (Vaults:2)
  6 salamander mystics
  19 deep elf knights
  4 goliath frogs
  A skyshark (shapeshifter) (Vaults:1)
  A death drake (Swamp:4)
  A sixfirhy (D:1)
  Amaemon (D:11)
  6 iron trolls
  A fire crab (Gauntlet)
  10 sea snakes
  A flayed ghost (Depths:3)
  57 deep trolls
  2 spriggan druids (Swamp:4)
  2 glowing orange brains
  3 spectral hydras (Swamp:4)
  8 swamp dragons
  18 deep elf archers
  6 bog bodies
  14 naga ritualists
  21 ironbound convokers
  2 lindwurms
  46 deep elf zephyrmancers
  12 wizards
  7 phantasmal warriors
  33 deep elf pyromancers
  12 orc knights
  A large abomination (Lair:5)
  2 necromancers (Vaults:5)
  A human zombie (Vaults:5)
  A steelbarb worm (shapeshifter) (Elf:2)
  22 mana vipers
  A shining eye (Depths:3)
  17 salamanders
  A will-o-the-wisp (Swamp:1)
  5 orc sorcerers
  A manticore (D:15)
  A sphinx skeleton (Vaults:2)
  5 harpies (Vaults:2)
  A tengu skeleton (Vaults:2)
  A salamander (shapeshifter) (Elf:1)
  29 ugly things
  5 elephants (Lair:2)
  A moth of wrath (shapeshifter) (Vaults:5)
  30 moths of wrath
  3 cyclopes
  7 apocalypse crabs (Zot:2)
  2 eyes of devastation (Depths:3)
  The ghost of Dega the Nimble, a novice SpHu (D:5)
  5 guardian serpents
  2 frost giant skeletons
  19 vault sentinels
  13 naga magi
  A smoke demon (Lair:5)
  A fire giant skeleton (Vaults:2)
  2 unseen horrors (shapeshifter)
  2 torpor snails
  46 black mambas
  An unseen horror (D:11)
  2 orange demons
  10 cane toads
  2 komodo dragons (shapeshifter)
  10 komodo dragons
  2 efreet
  33 yaktaurs
  An unseen horror zombie (D:9)
  5 swamp worm zombies (Swamp:4)
  A tormentor (Depths:1)
  A freezing wraith (Vaults:5)
  2 yaktaur skeletons (Vaults:2)
  4 tengu conjurers
  8 meliai
  5 human skeletons
  3 red devils
  3 hydra zombies (Swamp:4)
  7 trolls
  An ancient zyme (Lair:5)
  2 bloated husks
  2 hellwings
  8 hornets
  A polar bear (Lair:3)
  A spectral swamp dragon (Swamp:4)
  29 blink frogs
  10 tyrant leeches
  2 alligator zombies (Swamp:4)
  10 dream sheep (Lair:5)
  A jumping spider (shapeshifter) (D:14)
  36 slime creatures
  5 ynoxinuls
  11 wraiths
  5 water elementals
  5 shadows
  4 air elementals
  A vampire (D:10)
  10 humans (D:13)
  2 fire bats (Gauntlet)
  4 wyverns
  43 yaks
  5 fire elementals
  8 basilisks
  2 neqoxecs
  9 vampire mosquitoes
  3 steam dragons
  5 chaos spawn
  8 wargs
  13 swamp worms
  51 nagas
  12 water moccasins
  A hell hound (Depths:3)
  2 glowing shapeshifter skeletons (Vaults:2)
  2 floating eyes
  A sky beast (D:7)
  2 swamp drakes
  30 orc warriors
  9 ogres
  3 black bears
  3 swamp dragon zombies (Swamp:4)
  11 wolves
  6 centaurs
  5 phantoms (Swamp:4)
  A centaur (shapeshifter) (Vaults:5)
  Blork the orc (Orc:1)
  2 kobold brigands
  10 bullfrogs
  3 earth elementals
  3 scorpions
  A gnoll sergeant (D:11)
  8 small abominations (Lair:5)
  10 killer bees (D:9)
  7 electric eels
  6 howler monkeys
  9 hounds
  4 jellies
  18 orc priests
  6 iron imps
  3 gnoll boudas
  30 orc wizards
  4 sleepcaps
  3 iguanas
  3 spectral swamp drakes (Swamp:4)
  A howler monkey zombie (D:9)
  18 gnolls
  5 adders
  A swamp drake zombie (Swamp:4)
  2 white imps (D:7)
  4 ufetubi
  A dart slug (D:3)
  60 orcs
  3 ball pythons
  5 bats
  5 endoplasms
  5 giant cockroaches
  3 goblins
  8 hobgoblins
  17 kobolds
  3 frilled lizards
  A rat (D:2)
2054 creatures vanquished.

Vanquished Creatures (collateral kills)
  A yak (Lair:2)
1 creature vanquished.

Vanquished Creatures (others)
  Grunn (Zot:4)
  An Orb Guardian (Zot:5)
  A shadow dragon (Zot:1)
  A vault warden (Vaults:1)
  2 deep elf elementalists
  A yellow draconian (Zot:1)
  An eleionoma (Swamp:1)
  2 ettins
  2 hydras
  A vault guard (D:13)
  A rakshasa (D:15)
  2 deep troll shamans
  A dancing weapon (Elf:2)
  2 deep elf knights
  A deep troll (Vaults:5)
  A deep elf archer (Elf:1)
  A wizard (Depths:1)
  A black mamba (Snake:2)
  A komodo dragon (Lair:5)
  2 yaktaurs
  A tengu conjurer (Depths:1)
  3 bloated husks (Swamp:4)
  A meliai (D:14)
  A hydra zombie (Swamp:4)
  A hornet (Swamp:3)
  An air elemental (Elf:1)
  A basilisk (Lair:5)
  2 nagas
  A phantom (Swamp:4)
  A bullfrog (Lair:2)
  23 spectral weapons
62 creatures vanquished.

Grand Total: 2117 creatures vanquished

Notes
Turn   | Place    | Note
-------+----------+-------------------------------------------
     0 | D:1      | Dhd the Merfolk Gladiator began the quest for the Orb.
     0 | D:1      | Reached XP level 1. HP: 16/16 MP: 1/1
   246 | D:1      | Reached skill level 1 in Stealth
   541 | D:1      | Found a faded altar of an unknown god.
   545 | D:1      | Reached XP level 2. HP: 23/23 MP: 2/2
  1149 | D:2      | Reached XP level 3. HP: 28/28 MP: 3/3
  2492 | D:3      | Reached XP level 4. HP: 35/35 MP: 4/4
  2632 | D:3      | Reached skill level 5 in Polearms
  2679 | D:3      | Identified the ring "Vefissez" {Fly rN++}
  2850 | D:3      | Reached XP level 5. HP: 41/41 MP: 5/5
  3898 | D:5      | Entered Level 5 of the Dungeon
  4060 | D:5      | Found a runed translucent gate.
  4163 | D:5      | Reached skill level 5 in Dodging
  4163 | D:5      | Reached skill level 1 in Evocations
  4163 | D:5      | Reached XP level 6. HP: 48/48 MP: 6/6
  4334 | D:5      | Reached XP level 7. HP: 53/55 MP: 7/7
  4359 | D:5      | Found a runed translucent gate.
  4360 | D:5      | Found a runed translucent gate.
  4361 | D:5      | Noticed Dega's ghost (novice SpHu)
  4450 | D:5      | Found Efup's Weapon Shoppe.
  4564 | D:5      | Identified the +5 quarterstaff "Poavag" {venom, rF+ Str-4
                  | Dex+8}
  4573 | D:5      | Found a sacrificial altar of Ru.
  4863 | D:5      | Reached skill level 5 in Fighting
  4908 | D:5      | Found a shimmering blue altar of Sif Muna.
  4934 | D:5      | Found an ancient bone altar of Kikubaaqudgha.
  5018 | D:5      | Found a radiant altar of Vehumet.
  5212 | D:5      | Reached XP level 8. HP: 48/62 MP: 8/8
  5283 | D:5      | Became a worshipper of Ru the Awakened
  5331 | D:6      | Found an iron altar of Okawaru.
  5671 | D:6      | Reached skill level 6 in Dodging
  6110 | D:6      | Found an ornate altar of the Wu Jian Council.
  6555 | D:7      | Gained mutation: You cannot study or cast Fire magic. [Ru
                  | sacrifice]
  6555 | D:7      | Gained mutation: You cannot study or cast Transmutations
                  | magic. [Ru sacrifice]
  6555 | D:7      | Gained mutation: You cannot study or cast Necromancy magic.
                  | [Ru sacrifice]
  6555 | D:7      | Reached * piety under Ru
  6609 | D:7      | Found a staircase to the Ecumenical Temple.
  6620 | Temple   | Entered the Ecumenical Temple
  6703 | D:7      | Reached skill level 7 in Dodging
  6803 | D:7      | Found a stormy altar of Qazlal.
  7219 | D:7      | Reached XP level 9. HP: 71/71 MP: 9/9
  7224 | D:7      | Reached skill level 5 in Throwing
  7884 | D:8      | Reached skill level 8 in Dodging
  8154 | D:8      | Found a staircase to the Lair.
  8165 | D:8      | Noticed a troll
  8183 | D:8      | Killed a troll
  8919 | D:9      | Identified the +3 mace of Liczon {freeze, Str+4}
  8998 | D:9      | Reached XP level 10. HP: 68/82 MP: 10/10
  9078 | D:9      | Gained mutation: You are somewhat unskilled. (-1 Apt) [Ru
                  | sacrifice]
  9078 | D:9      | Reduced skill Throwing to level 5
  9078 | D:9      | Reduced skill Dodging to level 7
  9078 | D:9      | Reduced skill Stealth to level 1
  9078 | D:9      | Reached ** piety under Ru
  9092 | D:9      | Reached skill level 8 in Dodging
  9385 | D:9      | Noticed a two-headed ogre
  9389 | D:9      | Killed a two-headed ogre
  9390 | D:9      | Reached skill level 10 in Polearms
  9390 | D:9      | Reached skill level 9 in Dodging
  9733 | D:9      | Found a basalt altar of Yredelemnul.
  9828 | D:9      | Reached XP level 11. HP: 89/89 MP: 11/11
  9857 | D:9      | Reached skill level 10 in Dodging
  9896 | D:9      | Identified the +6 war axe of Wifif {flame, MP+9}
 10189 | D:5      | Killed Dega's ghost
 10273 | D:10     | Entered Level 10 of the Dungeon
 10477 | D:10     | Found an opulent altar of Gozag.
 10477 | D:10     | Found a shadowy altar of Dithmenos.
 10505 | D:10     | Found a glowing golden altar of the Shining One.
 10508 | D:10     | Found a bloodstained altar of Trog.
 10655 | D:10     | Noticed Erica
 10663 | D:10     | Killed Erica
 10844 | D:10     | Found a sparkling altar of Nemelex Xobeh.
 10874 | D:10     | Reached skill level 10 in Fighting
 10898 | D:10     | Noticed Erolcha
 10902 | Abyss:2  | Cast into level 2 of the Abyss (Erolcha)
 10930 | D:10     | Escaped the Abyss
 10940 | D:10     | Killed Erolcha
 11053 | D:10     | Found a burning altar of Makhleb.
 11090 | D:10     | Found Ciext's Weapon Shop.
 11445 | D:11     | Found a staircase to the Orcish Mines.
 11632 | D:11     | Noticed a cyclops
 11636 | D:11     | Killed a cyclops
 11637 | D:11     | Reached skill level 11 in Dodging
 11646 | D:11     | Gained mutation: You cannot be stealthy. [Ru sacrifice]
 11646 | D:11     | Reached *** piety under Ru
 11658 | D:11     | Noticed Amaemon
 11669 | D:11     | Killed Amaemon
 11780 | D:11     | Found a gate leading to a gauntlet.
 11786 | Gauntlet | Entered a Gauntlet
 11786 | Gauntlet | Found a transporter.
 11796 | Gauntlet | Found a transporter.
 11803 | Gauntlet | Noticed a soul eater
 11811 | Gauntlet | Found a transporter.
 11813 | Gauntlet | Noticed a blizzard demon
 11816 | Gauntlet | Found a transporter.
 11818 | Gauntlet | Noticed a large abomination
 11833 | Gauntlet | Found a transporter.
 11853 | Gauntlet | Found a transporter.
 11862 | Gauntlet | Found a transporter.
 11868 | Gauntlet | Found a transporter.
 11879 | Gauntlet | Noticed a death yak
 11880 | Gauntlet | Noticed a death yak
 11880 | Gauntlet | Noticed a death yak
 11881 | Gauntlet | Noticed a death yak
 11882 | Gauntlet | Noticed a necromancer
 11883 | Gauntlet | Found a transporter.
 11884 | Gauntlet | Noticed a death yak
 11906 | Gauntlet | Found a transporter.
 11912 | Gauntlet | Found a transporter.
 11912 | Gauntlet | Found a transporter.
 11927 | Gauntlet | Found a transporter.
 11933 | Gauntlet | Found a transporter.
 11972 | Gauntlet | Found a transporter.
 11992 | Gauntlet | Noticed a fire crab
 11998 | Gauntlet | Found a transporter.
 12000 | Gauntlet | Found a transporter.
 12020 | Gauntlet | Found a transporter.
 12049 | Gauntlet | Killed a fire crab
 12308 | Gauntlet | Reached XP level 12. HP: 82/100 MP: 12/12
 12358 | Gauntlet | Identified the +0 helmet of Heozawis {rF+}
 12443 | Gauntlet | Noticed a minotaur
 12467 | Gauntlet | Killed a minotaur
 12468 | Gauntlet | Reached skill level 12 in Dodging
 12468 | Gauntlet | Reached skill level 1 in Shields
 13834 | Lair:1   | Entered Level 1 of the Lair of Beasts
 14331 | Lair:1   | Gained mutation: You are somewhat inexperienced. (-1 XL)
                  | [Ru sacrifice]
 14331 | Lair:1   | Reached XP level 11. HP: 93/93 MP: 11/11
 14331 | Lair:1   | Reached **** piety under Ru
 14782 | Lair:2   | Noticed an eight-headed hydra
 14787 | Lair:2   | Noticed a four-headed hydra
 14792 | Lair:2   | Killed an eight-headed hydra
 14797 | Lair:2   | Killed a four-headed hydra
 15200 | Lair:2   | Found a staircase to the Swamp.
 15348 | Lair:1   | Reached XP level 12. HP: 93/102 MP: 12/12
 15639 | Lair:3   | Reached skill level 5 in Evocations
 15870 | Lair:2   | Reached skill level 5 in Shields
 16358 | Lair:3   | Found a staircase to the Snake Pit.
 16401 | Lair:3   | Gained mutation: You are hated by all. [Ru sacrifice]
 16401 | Lair:3   | Reached ***** piety under Ru
 16887 | Lair:4   | Noticed Sonja
 16897 | Lair:4   | Killed Sonja
 17777 | Lair:5   | Entered Level 5 of the Lair of Beasts
 18263 | Lair:5   | Reached XP level 13. HP: 111/111 MP: 13/13
 18300 | Lair:5   | Found a staircase to the Slime Pits.
 18373 | Lair:5   | Reached skill level 13 in Dodging
 18425 | Lair:5   | Gained mutation: You are clumsy. (Dex -2) [Ru sacrifice]
 18425 | Lair:5   | Reached ****** piety under Ru
 19403 | Lair:5   | Reached skill level 1 in Armour
 19469 | Lair:5   | Found a corrupted altar of Lugonu.
 19469 | Lair:5   | Found a one-way gate to the infinite horrors of the Abyss.
 19537 | Lair:5   | Got the Elucidation of the Cumulonimbus
 19538 | Lair:5   | Upgraded the game from 0.31-a0-222-gefeffbb to
                  | 0.31-a0-229-g1fc7ce9
 20276 | D:12     | Found a portal to a secret trove of treasure.
 20544 | Orc:1    | Entered Level 1 of the Orcish Mines
 20561 | Orc:1    | Found a runed translucent gate.
 20561 | Orc:1    | Found a runed translucent gate.
 20561 | Orc:1    | Found an opulent altar of Gozag.
 20563 | Orc:1    | Found a runed translucent gate.
 20565 | Orc:1    | Noticed TWOBALLS's ghost (journeyman VSFi)
 20567 | Orc:1    | Found Gahuur's Assorted Antiques.
 21086 | Orc:1    | Reached skill level 14 in Dodging
 21187 | Orc:1    | Killed TWOBALLS's ghost
 21197 | Orc:1    | Bought a scroll of enchant weapon for 195 gold pieces
 21197 | Orc:1    | Bought a scroll of teleportation for 78 gold pieces
 21290 | Orc:2    | Entered Level 2 of the Orcish Mines
 21365 | Orc:2    | Noticed Blork the orc
 21381 | Orc:1    | Killed Blork the orc
 21434 | Orc:2    | Noticed an orc warlord
 21540 | Orc:2    | Killed an orc warlord
 21709 | Orc:2    | Reached XP level 14. HP: 89/117 MP: 14/14
 21922 | Orc:2    | Found Evuholo's Antique Weapon Shoppe.
 22260 | Orc:2    | Found Boecrateos's General Store.
 22267 | Orc:2    | Bought a scroll of blinking for 105 gold pieces
 22267 | Orc:2    | Bought a wand of digging (6) for 352 gold pieces
 22291 | Orc:2    | Found a staircase to the Elven Halls.
 22406 | Orc:2    | Found Vurimaniu's Antique Armour Shoppe.
 22412 | Orc:2    | Bought a pair of ichor-stained boots for 313 gold pieces
 22412 | Orc:2    | Identified the +2 pair of boots "Zikumud" {Str+4 Int-5
                  | Slay+2} (You bought it in a shop on level 2 of the Orcish
                  | Mines)
 22438 | Orc:2    | Found Roreafot's Jewellery Shoppe.
 22446 | Orc:2    | Bought the amulet of Doido Pitot {Acrobat rPois Dex+3} for
                  | 760 gold pieces
 23355 | D:13     | You fall into a shaft and drop 2 floors!
 23355 | D:15     | Entered Level 15 of the Dungeon
 23356 | D:15     | Noticed Nessos
 23367 | D:15     | Killed Nessos
 23483 | D:15     | Reached skill level 15 in Fighting
 23765 | D:13     | Found a gate to the Vaults.
 23776 | D:13     | Identified the +5 great sword "Ereipop" {vamp, *Slow Str+2
                  | Int+2 Dex+4}
 23991 | D:14     | Reached skill level 10 in Shields
 24152 | D:14     | Noticed Josephine
 24164 | D:14     | Killed Josephine
 25112 | D:15     | Reached skill level 15 in Polearms
 25485 | D:15     | Reached XP level 15. HP: 114/130 MP: 10/15
 25536 | D:15     | Found a staircase to the Depths.
 25685 | D:15     | Noticed Louise
 25700 | D:15     | Killed Louise
 26633 | Snake:1  | Entered Level 1 of the Snake Pit
 26952 | Snake:1  | Found Omionotu's Weapon Shop.
 26953 | Snake:1  | Found Xaff's Antique Armour Emporium.
 26960 | Snake:1  | Bought a pair of glowing gloves for 270 gold pieces
 27248 | Snake:1  | Found Adixzosm's Distillery.
 27254 | Snake:1  | Bought a potion of haste for 150 gold pieces
 27254 | Snake:1  | Bought a potion of enlightenment for 75 gold pieces
 27254 | Snake:1  | Bought a potion of haste for 150 gold pieces
 27492 | Snake:1  | Found Ilavimmo's Antique Weapon Boutique.
 27497 | Snake:1  | Found Goaqy's Magic Scroll Shoppe.
 27510 | Snake:1  | Bought a scroll of revelation for 82 gold pieces
 27510 | Snake:1  | Bought a scroll of fear for 44 gold pieces
 28730 | Snake:2  | Reached skill level 15 in Dodging
 29169 | Snake:2  | Found Fuleckuu's Jewellery Boutique.
 29169 | Snake:2  | Found Ebuary's Book Emporium.
 29170 | Snake:2  | Found Xeguamih's Book Emporium.
 29479 | Snake:2  | Noticed a nagaraja
 29518 | Snake:2  | Killed a nagaraja
 29831 | Snake:2  | Noticed Aizul
 29844 | Snake:2  | Killed Aizul
 29845 | Snake:2  | Reached XP level 16. HP: 131/134 MP: 16/16
 29865 | Snake:2  | Noticed Frances
 29874 | Snake:2  | Killed Frances
 30475 | Snake:1  | Bought 2 potions of heal wounds for 150 gold pieces
 30812 | Snake:3  | Reached skill level 16 in Dodging
 31368 | Snake:3  | Identified the +1 cloak "Esig" {Int+4}
 32293 | Snake:4  | Entered Level 4 of the Snake Pit
 33054 | Snake:4  | Reached XP level 17. HP: 108/149 MP: 17/17
 33122 | Snake:4  | Reached skill level 10 in Throwing
 33735 | Snake:4  | Reached skill level 17 in Dodging
 34489 | Snake:4  | Got a serpentine rune of Zot
 34864 | Snake:1  | Bought a potion of resistance for 150 gold pieces
 34866 | Snake:1  | Bought a potion of enlightenment for 75 gold pieces
 34979 | Swamp:1  | Entered Level 1 of the Swamp
 35586 | Swamp:1  | Identified a scroll of acquirement
 35587 | Swamp:1  | Acquired the +8 demon trident of Yhaogeta {flame, SInv
                  | Stlth+}
 35765 | Swamp:1  | Reached skill level 18 in Dodging
 37506 | Swamp:3  | Reached XP level 18. HP: 148/160 MP: 18/18
 37879 | Swamp:4  | Entered Level 4 of the Swamp
 38678 | Swamp:4  | Found a transporter.
 38685 | Swamp:4  | Found a transporter.
 38687 | Swamp:4  | Noticed Dega's ghost (adept SpHu)
 38689 | Swamp:4  | Found a bloodstained altar of Trog.
 38980 | Swamp:4  | Noticed a bone dragon
 39754 | Swamp:4  | Got a decaying rune of Zot
 39822 | Swamp:4  | Killed a bone dragon
 40186 | Swamp:4  | Killed Dega's ghost
 40268 | Swamp:4  | Identified the +0 scale mail "Inaefoll" {rN+ Dex+3}
 40606 | Vaults:1 | Entered Level 1 of the Vaults
 41297 | Vaults:1 | Identified the +3 hand axe "Vid Dori" {vamp, Int+2}
 41342 | Vaults:1 | Reached skill level 19 in Dodging
 42638 | Vaults:2 | Reached XP level 19. HP: 164/165 MP: 19/19
 43917 | Vaults:2 | Reached skill level 20 in Dodging
 43979 | Vaults:2 | Found a staircase to the Crypt.
 47037 | Vaults:4 | Found Cuppyst's Magic Scroll Shoppe.
 47052 | Vaults:4 | Bought a scroll of enchant armour for 127 gold pieces
 47052 | Vaults:4 | Bought a scroll of fog for 68 gold pieces
 47052 | Vaults:4 | Bought a scroll of vulnerability for 68 gold pieces
 47812 | Vaults:4 | Reached XP level 20. HP: 180/182 MP: 20/20
 48950 | Snake:1  | Bought a potion of enlightenment for 75 gold pieces
 48972 | Snake:1  | Bought a bloodstained helmet for 342 gold pieces
 48972 | Snake:1  | Identified the +0 helmet "Tenub" {Rampage MP+9 Dex-4 SInv}
                  | (You bought it in a shop on level 1 of the Snake Pit)
 49131 | Elf:1    | Entered Level 1 of the Elven Halls
 49135 | Elf:1    | Paralysed by an air elemental for 1 turns
 49426 | Elf:1    | Identified the orb of Polish {*channel, rC+ rCorr Slay+3}
 49477 | Elf:1    | Found a transporter.
 49507 | Elf:1    | Found a transporter.
 50714 | Elf:1    | Identified the +2 pair of gloves "Hucayb" {Contam rElec
                  | Int+3}
 50829 | Elf:2    | Found a runed translucent gate.
 50829 | Elf:2    | Found a runed translucent gate.
 50830 | Elf:2    | Found a runed translucent gate.
 50950 | Elf:2    | Reached skill level 21 in Dodging
 52693 | Elf:3    | Entered Level 3 of the Elven Halls
 52774 | Elf:3    | Reached XP level 21. HP: 191/191 MP: 21/21
 53876 | Elf:3    | Identified the staff "Pendulum" {rElec rC+ Str+2 Earth}
 53883 | Elf:3    | Identified the +4 dagger "Ninearuf" {heavy, *Noise rC+ rN+
                  | rCorr}
 53883 | Elf:3    | Identified the orb of the Game Afoot {*channel, MP+9 Str+2
                  | Dex-3}
 53955 | Elf:3    | Identified the staff of Peace {rElec rPois rN+ Will+ Int+2
                  | Poison}
 54163 | Elf:3    | Identified the staff "Bifuenn" {Drain rC+ Will+ Str+4 Dex+4
                  | Ice}
 54250 | Elf:3    | Identified the staff of Grace {Int+2 Conj}
 54341 | Elf:3    | Reached skill level 22 in Dodging
 54456 | Elf:3    | Identified the ring of Xom's Amusement {rF+ rC+ Will+
                  | Slay+3}
 54789 | Elf:3    | Identified the +8 shortbow "Ilades Kati" {heavy, rPois
                  | Stlth+}
 54829 | Elf:3    | Identified the ring "Ruosaoll" {Ice Will- rCorr Str+9
                  | Slay-4}
 55019 | Elf:3    | Identified the +1 cloak of Unoopioj {Str+4}
 55597 | Snake:2  | Bought a manual of Polearms for 1280 gold pieces
 55955 | Depths:1 | Entered Level 1 of the Depths
 56266 | Depths:1 | Found a gateway to Hell.
 56461 | Depths:1 | Paralysed by a floating eye for 2 turns
 56464 | Depths:1 | Identified the +5 spear "Rauch" {speed, Str+3}
 56470 | Depths:1 | Paralysed by a floating eye for 4 turns
 56490 | Depths:1 | Reached skill level 5 in Armour
 56667 | Depths:1 | Noticed Tuoleabi's ghost (adept DsBr)
 56669 | Depths:1 | Identified the +10 great mace "Nuqizof" {heavy, rPois rC+
                  | Dex+2}
 56669 | Depths:1 | Identified the +2 giant spiked club "Vawubix" {drain, rF+
                  | rN+ Will+ Dex+2}
 56669 | Depths:1 | Identified the +10 great mace "Luyjimp" {heavy, +Blink
                  | Str+2 Int-5}
 56670 | Depths:1 | Found a transporter.
 56675 | Depths:1 | Found a transporter.
 56721 | Depths:1 | Found Naut's CLEARANCE SALE!.
 56729 | Depths:1 | Bought a scroll of fog for 12 gold pieces
 56873 | Depths:1 | Found Amposil's Jewellery Shop.
 57444 | Depths:1 | Found a one-way gate leading to the halls of Pandemonium.
 57791 | Depths:1 | Reached XP level 22. HP: 142/177 MP: 22/22
 58616 | Depths:2 | Identified the ring of the Lotus Blossom {rElec Will+
                  | Int+3}
 58667 | Depths:2 | Reached skill level 15 in Shields
 58781 | Depths:2 | Noticed a caustic shrike
 58792 | Depths:2 | Killed a caustic shrike
 58855 | Depths:2 | Noticed a juggernaut
 58869 | Depths:2 | Killed a juggernaut
 59059 | Depths:2 | Identified the +10 short sword of the Beast {freeze, Dex+2}
 59255 | Depths:2 | Reached skill level 23 in Dodging
 59354 | Depths:2 | Identified the +2 pair of gloves of Circular Logic {Str+4}
 59556 | Depths:2 | You fall into a shaft and drop 2 floors!
 59556 | Depths:4 | Entered Level 4 of the Depths
 59631 | Depths:2 | Noticed a golden dragon
 59654 | Depths:2 | Killed a golden dragon
 60357 | Depths:3 | Found a one-way gateway to a ziggurat.
 60957 | Depths:3 | Identified the staff "Ithrefuo" {rElec rPois Int+2 Dex+2
                  | Poison}
 60959 | Depths:3 | Noticed a caustic shrike
 61084 | Depths:3 | Killed a caustic shrike
 62563 | Depths:3 | Reached XP level 23. HP: 209/209 MP: 23/23
 62972 | Depths:4 | Identified the +3 hand axe "Killer Bee's Curse" {heavy,
                  | rElec Str+4 Int-3}
 62976 | Depths:4 | Identified the +3 hand axe "Ziraf" {vamp, rElec Will+
                  | Int-4}
 63246 | Depths:4 | Found a gate to the Realm of Zot.
 64419 | Orc:1    | Bought a lightning rod (4/4) for 780 gold pieces
 64682 | Vaults:5 | Entered Level 5 of the Vaults
 65011 | Vaults:5 | Reached skill level 24 in Dodging
 65334 | Vaults:5 | Noticed Saint Roka
 65364 | Vaults:5 | Killed Saint Roka
 65846 | Vaults:5 | Noticed an ancient lich
 65868 | Vaults:5 | Killed an ancient lich
 66186 | Vaults:5 | Identified the +10 arbalest of Disharmony {drain, Contam
                  | MP+9 Dex+3 Stlth+}
 66227 | Vaults:5 | Identified the +5 battleaxe of World's End {flame, +Blink
                  | rC+++ MP-9 Stlth+}
 66260 | Vaults:5 | Identified the +7 flail of Ignis {heavy, rF+}
 66331 | Vaults:5 | Identified the +4 rapier of the Key {heavy, Dex+3}
 66361 | Vaults:5 | Noticed a caustic shrike
 66536 | Vaults:5 | Reached XP level 24. HP: 157/205 MP: 23/23
 66663 | Vaults:5 | Identified the +4 morningstar "Beetle's Foe" {flame, rCorr
                  | Str+8 Dex-4}
 66852 | Vaults:5 | Identified the staff of Excruciating Pain {Will- Str+3 Conj
                  | Air}
 66862 | Vaults:5 | Identified the +8 morningstar of Wameishradad {flame,
                  | *Corrode rElec rC+++}
 67374 | Vaults:5 | Reached skill level 10 in Armour
 67682 | Vaults:5 | Reached skill level 25 in Dodging
 67689 | Vaults:5 | Noticed a dread lich
 67749 | Vaults:4 | Killed a dread lich
 67931 | Vaults:5 | Identified the +1 pair of boots of Suadd {Regen+}
 68144 | Vaults:5 | Got a silver rune of Zot
 68176 | Vaults:5 | Got Zyropach's Volume of Vapourous Snow
 68433 | Vaults:5 | Identified the +0 cloak of Omission {MP+9 Slay+2}
 69175 | Zot:1    | Entered Level 1 of the Realm of Zot
 69317 | Depths:4 | Reached skill level 26 in Dodging
 69667 | Zot:1    | Noticed Vv
 69693 | Depths:4 | Killed Vv
 70783 | Zot:1    | Found a runed translucent gate.
 70785 | Zot:1    | Found a runed translucent gate.
 70786 | Zot:1    | Found a runed translucent gate.
 70788 | Zot:1    | Noticed Vapurghao's ghost (master MiBr)
 71557 | Zot:2    | Reached XP level 25. HP: 173/206 MP: 23/23
 71750 | Zot:2    | Identified the +2 battleaxe "Newtbane" {spect, rC+ Str+5
                  | Dex-3}
 71872 | Zot:2    | Reached skill level 27 in Dodging
 71988 | Zot:2    | Paralysed by you for 2 turns
 72121 | Zot:2    | Got the Secrets of Terrestrial Fascination
 73601 | Zot:2    | Acquired the ring of Xom's Whimsicality {rF+ rC+++ rCorr
                  | Dex-3}
 73603 | Zot:2    | Acquired the ring of the Komodo Dragon {Drain rPois Str+4
                  | Int+2}
 73605 | Zot:2    | Acquired the ring "Othro" {rElec rPois rF+ rCorr SInv}
 74535 | Zot:4    | Noticed Grunn
 74838 | Zot:4    | Killed Grunn
 75525 | Zot:4    | Identified the +0 ring mail of the Blue Skies {Int+4}
 75749 | Zot:4    | Found a transporter.
 75752 | Zot:4    | Found a transporter.
 75754 | Zot:4    | Found a transporter.
 75779 | Zot:4    | Found a transporter.
 76304 | Zot:5    | Entered Level 5 of the Realm of Zot
 76345 | Zot:5    | Noticed an ancient lich
 76345 | Zot:5    | Noticed a dread lich
 76345 | Zot:5    | Noticed a Killer Klown
 76345 | Zot:5    | Noticed a dread lich
 76345 | Zot:5    | Noticed an orb of fire
 76346 | Zot:5    | Noticed a dread lich
 76743 | Zot:5    | Killed an ancient lich
 77007 | Zot:5    | Noticed an ancient lich
 77008 | Zot:5    | Killed a dread lich
 77013 | Zot:5    | Gained mutation: You are dopey. (Int -2) [an orb of fire]
 77015 | Zot:5    | Killed an orb of fire
 77021 | Zot:5    | Killed an ancient lich
 77027 | Zot:5    | Noticed an ancient lich
 77031 | Zot:5    | Killed a Killer Klown
 77046 | Zot:5    | Noticed a dread lich
 77053 | Zot:5    | Killed an ancient lich
 77061 | Zot:5    | Killed a dread lich
 77079 | Zot:5    | Killed a dread lich
 77086 | Zot:5    | Killed a dread lich
 77102 | Zot:5    | Noticed an orb of fire
 77105 | Zot:5    | Noticed a dread lich
 77108 | Zot:5    | Noticed an orb of fire
 77115 | Zot:5    | Noticed a dread lich
 77125 | Zot:5    | Killed an orb of fire
 77130 | Zot:5    | Killed a dread lich
 77133 | Zot:5    | Noticed a dread lich
 77136 | Zot:5    | Gained mutation: You are frail. (-10% HP) [an orb of fire]
 77146 | Zot:5    | Killed an orb of fire
 77161 | Zot:5    | Killed a dread lich
 77165 | Zot:5    | Killed a dread lich
 77166 | Zot:5    | Reached XP level 26. HP: 159/214 MP: 23/23
 77989 | Zot:5    | Got the Orb of Zot
 78059 | Zot:3    | Noticed Huckius the pandemonium lord
 78399 | D:12     | Noticed Xafoin the pandemonium lord
 78551 | D:7      | Noticed Engim the pandemonium lord
 78781 | D:$      | Escaped with the Orb!

Illustrated notes

Levels and vault maps discovered:
D:1:      elethiomel_arrival_maze, layout_loops_corners,
          ebering_ecumenical_altar_box, minmay_misc_feat_secret_circle,
          minmay_3d_cube
D:2:      minmay_general_purpose_star, layout_basic, minmay_misc_feat_five
D:3:      layout_basic, minmay_fractal_squares_diagonal_5
D:4:      layout_basic, minmay_tree_intersection
D:5:      layout_basic, palyth_temple_overflow_mages, hangedman_ru_absence,
          serial_shops, shop_fountains, ebering_ghost_rock_garden,
          kennysheep_dice
D:6:      layout_gridville, mainiacjoe_overflow_24_doors,
          mainiacjoe_overflow_cross_hatched
D:7:      layout_loops_corners, general_overflow_altar,
          minmay_temple_entry_trees, serial_rivers,
          chequers_serial_rivers_marsh, chequers_serial_rivers_small_a,
          chequers_serial_rivers_micro_e, chequers_serial_rivers_large_a,
          chequers_serial_rivers_small_b, minmay_gold_behind_fungi, nrook_uturn
D:8:      layout_loops_ring, erik_lair_island
D:9:      layout_roguey, lemuel_zombie_altar_yredelemnul
D:10:     layout_roguey, demons_altar, nemelex_spade_bored_becter,
          grunt_temple_overflow_cloverleaf, serial_shops, nicolae_shop_crystal,
          uniq_erolcha, uniq_erica
D:11:     layout_grid_maze, orc_0_dummy, gauntlet_entry_generic, uniq_amaemon
D:12:     layout_roguey, enter_trove_2
D:13:     layout_stronghold, ximxim_vaults_locker_room
D:14:     layout_roguey, minmay_staircase_windowed_large, uniq_josephine
D:15:     gammafunk_enter_depths_forms, layout_loops_ring,
          minmay_misc_feat_roman, uniq_louise, uniq_nessos
Temple:   hellmonk_temple_micro_hex
Lair:1:   layout_regular_city, serial_bayou_crossing, grunt_megastairs_1,
          serial_bayou_shore_b
Lair:2:   layout_hall_layers, palyth_hydra_swamp_entry
Lair:3:   layout_regular_city, minmay_snake_entry_guardpost_small,
          grunt_megastairs_4
Lair:4:   layout_regular_city, uniq_sonja
Lair:5:   hellmonk_lair_end_abyssal_woods, layout_loops_ring, slime_entry_1,
          nicolae_quartered_pool_super
Swamp:1:  layout_basic_swamp, nicolae_swamp_trees_clearing, st_swamp_ruins_3
Swamp:2:  layout_basic_swamp, serial_swamp_ruin, evilmike_swamp_ruin_house_6,
          evilmike_swamp_ruin_house_1
Swamp:3:  layout_basic_swamp, infiniplex_staircase_pool
Swamp:4:  swamp_pestilence, layout_basic_swamp,
          gammafunk_ghost_wrathful_warriors, swamp_pool1,
          nicolae_swamp_little_swirl
Snake:1:  layout_concentric_octagons, serial_shops,
          nicolae_shop_tiny_real_fake_doors, nicolae_shop_bloodbath_and_beyond,
          nicolae_shop_just_a_little_nook, shop, shop_statue, drop_trap,
          st_stairs_13, nicolae_snake_snakes_in_the_grass
Snake:2:  layout_onion, grunt_ministairs_12, nicolae_snake_serpentine_hallways,
          drop_trap, st_stairs_1, minmay_shop_grove, serial_bayou_shore_a,
          grunt_megastairs_2, serial_bayou_shore_b, uniq_aizul, uniq_frances
Snake:3:  nicolae_snake_shooting_gallery, layout_layer_cave
Snake:4:  grunt_snake_rune_pools, layout_onion, grunt_megastairs_3
Orc:1:    layout_caves, ebering_ghost_gozag
Orc:2:    grunt_orc_cross, layout_caves, basic_altar, elves_outpost_lemuel
Elf:1:    gammafunk_the_bubble [the_bubble_gammafunk_grid], layout_loops_ring,
          minivault_28, nicolae_elf_shapeshifter_party
Elf:2:    nicolae_elf_blades_splatter_lattice
          [nicolae_blade_entry_sentries_behind_glass], layout_onion_city,
          minivault_24
Elf:3:    grunt_elf_hall_diamonds, layout_gridlike
Vaults:1: nicolae_vaults_two_Ls, nicolae_vaults_network_periphery,
          vaults_room_grunt_arrival_checkpoint, nicolae_vaults_surprise_closet,
          nicolae_vaults_inception_scallops, nicolae_vaults_asterisk,
          serial_ice_h, nicolae_vaults_three_branches,
          nicolae_vaults_oval_intersection, nicolae_vaults_trapezoid_1,
          nicolae_vaults_doubleplus_tesselated, nicolae_vaults_tetromino_L_2,
          ontoclasm_vaults_ligature, layout_vaults_omnicross
Vaults:2: nicolae_vaults_display_case, nicolae_vaults_closet_pinwheel_2,
          v_misc_1, minmay_crypt_entry_skeletal_spiral, v_rooms_1, v_misc_29,
          nicolae_vaults_closet_pinwheel_6, v_misc_15,
          nicolae_vaults_trapezoid_1, nicolae_vaults_little_ls,
          nicolae_vaults_little_squares_3, nicolae_vaults_diagonal_hallway_7,
          layout_vaults_maze_snakey
Vaults:3: ontoclasm_vaults_eye, hangedman_vaults_restitches,
          nicolae_vaults_triangles, nicolae_vaults_hexular_roomagon, v_misc_23,
          nicolae_vaults_closet_pinwheel_4, nicolae_vaults_double_plus_1,
          ontoclasm_vaults_shuriken, hangedman_vaults_corner,
          layout_vaults_chaotic_city
Vaults:4: nicolae_vaults_inception_network, v_misc_25, vaults_room_corners,
          vaults_mumra_chevron_long, hangedman_vaults_trim,
          hangedman_vaults_restitches, nicolae_vaults_shelves_hall,
          vaults_mumra_hexcomb, nicolae_vaults_storage_closets_3,
          vaults_dpeg_encased_lava, layout_vaults_omnibox, serial_shops, shop
Vaults:5: uniq_saint_roka
Depths:1: evilmike_hourglass, layout_cave_shapes, gammafunk_ghost_smash,
          rand_demon_pan_entry_4, minmay_misc_feat_columns, serial_shops, shop,
          hell_entry, nicolae_shop_clearance
Depths:2: minmay_the_grid_octo_tiled_octocenter
          [minmay_the_grid_octo_checkerflower, minmay_the_grid_octo_clover,
          minmay_the_grid_octo_chip, minmay_the_grid_octo_fan_narrow,
          minmay_the_grid_octo_prize_ultimate_mussel_roller,
          minmay_the_grid_square_5x5_beaten_path,
          minmay_the_grid_square_5x5_trominoes,
          minmay_the_grid_square_5x5_longway, minmay_the_grid_square_5x5_comb],
          layout_twisted_cross, rand_demon_pan_entry_1, hell_entry, abyss_entry,
          infiniplex_staircase_door_maze
Depths:3: nzn_winding_woodlands_medium [nzn_winding_woodlands_5x5_open_star,
          nzn_winding_woodlands_5x15_concentric,
          nzn_winding_woodlands_5x5_cross, nzn_winding_woodlands_5x5_default,
          nzn_winding_woodlands_center_garden,
          nzn_winding_woodlands_5x5_default, nzn_winding_woodlands_5x5_three,
          nzn_winding_woodlands_5x15_parted,
          nzn_winding_woodlands_5x5_perimeter], layout_gridlike,
          enter_ziggurat_f, nicolae_hell_entry_hellmouth_sunbeams, abyss_entry
Depths:4: grunt_crosshair, layout_gridlike, roderic_st_hans_cross, abyss_entry,
          hell_entry, hex_large, evilmike_butchery
Zot:1:    layout_onion_interference, gammafunk_ghost_necromancy, evilmike_ambush
          [evilmike_ambush_outer_basic, evilmike_ambush_inner_wall_2], uniq_vv
Zot:2:    gammafunk_mikee_crab_dinner, layout_gridville
Zot:3:    layout_cathedral_of_symmetry
Zot:4:    layout_cathedral_of_symmetry, nicolae_transporter_circle, uniq_grunn
Zot:5:    layout_basic

Skill      XL: |  1  2  3  4  5  6  7  8  9 10 11 12 13 14 15 16 17 18 19 20 21 22 23 24 25 26 |
---------------+-------------------------------------------------------------------------------+-----
Stealth        | 1 2 1 0 |  0.0
Fighting       | 3 4 5 6 8 9 12 13 14 15 16 18 19 20 22 23 24 25 26 | 26.5
Polearms       | 5 6 8 9 10 13 14 15 16 17 18 19 21 22 24 | 24.5
Throwing       | 3 4 6 6 8 9 10 11 12 | 12.0
Dodging        | 5 7 8 9 11 12 14 15 16 18 19 20 21 22 23 24 26 27 | 27.0
Evocations     | 1 2 3 4 3 4 5 6 7 8 |  8.0
Shields        | 4 7 8 10 11 12 13 14 15 16 17 | 17.3
Armour         | 3 4 5 7 9 11 | 11.2

Action                     |  1- 3 |  4- 6 |  7- 9 | 10-12 | 13-15 | 16-18 | 19-21 | 22-24 | 25-27 || total
---------------------------+-------+-------+-------+-------+-------+-------+-------+-------+-------++-------
  Melee: Trident           |    73 |    58 |   178 |   864 |  1309 |   686 |       |       |       ||  3168
         Tailslap          |       |       |     1 |     1 |     2 |    31 |       |       |     2 ||    37
         Demon trident     |       |       |       |       |       |   686 |  1673 |  1757 |   679 ||  4795
   Fire: Sling             |       |     6 |       |       |       |       |       |       |       ||     6
  Throw: Javelin           |     1 |    10 |    34 |    22 |    17 |    23 |    34 |     2 |    19 ||   162
         Stone             |    35 |     4 |       |       |       |       |       |       |       ||    39
         Dart              |       |     5 |     4 |     8 |    13 |    21 |     2 |     1 |       ||    54
         Boomerang         |       |       |    35 |    37 |    73 |   166 |    92 |    28 |    18 ||   449
         Throwing net      |       |       |     1 |     3 |       |       |       |     1 |     1 ||     6
 Invoke: Sacrifice Arcana  |       |       |     1 |       |       |       |       |       |       ||     1
         Sacrifice Skill   |       |       |       |     1 |       |       |       |       |       ||     1
         Sacrifice Stealth |       |       |       |     1 |       |       |       |       |       ||     1
         Sacrifice Experie |       |       |       |     1 |       |       |       |       |       ||     1
         Apocalypse        |       |       |       |     1 |     4 |     6 |     7 |     9 |     2 ||    29
         Draw Out Power    |       |       |       |     1 |     1 |     3 |     2 |     4 |       ||    11
         Sacrifice Love    |       |       |       |     1 |       |       |       |       |       ||     1
         Sacrifice Purity  |       |       |       |       |     1 |       |       |       |       ||     1
  Evoke: Wand              |       |       |     3 |    12 |    11 |     1 |    50 |    20 |    14 ||   111
         Phial of floods   |       |       |       |       |     1 |       |       |       |     1 ||     2
         Tin of tremorston |       |       |       |       |       |     2 |       |     5 |     1 ||     8
         Lightning rod     |       |       |       |       |       |       |       |       |     4 ||     4
    Use: Scroll            |     5 |     5 |     5 |    14 |     5 |     8 |     6 |    16 |    14 ||    78
         Potion            |       |       |       |     2 |     1 |     5 |     2 |    10 |    13 ||    33
   Stab: Sleeping          |     1 |     1 |       |       |       |       |       |       |       ||     2
         Distracted        |     1 |       |     1 |    18 |    23 |    16 |     7 |     8 |     5 ||    79
         Held in net/web   |       |       |     1 |       |       |       |       |       |       ||     1
         Invisible         |       |       |       |     6 |     7 |     7 |     7 |     7 |       ||    34
         Paralysed         |       |       |       |     6 |    10 |     5 |    16 |    14 |     7 ||    58
 Armour: Leather armour    |    10 |     4 |     3 |       |    46 |       |       |       |       ||    63
         Ring mail         |     8 |     5 |    23 |    88 |     7 |       |       |       |       ||   131
         Chain mail        |       |       |       |       |    40 |   180 |   139 |   201 |       ||   560
         Plate armour      |       |       |       |       |       |       |       |    90 |   115 ||   205
         Skin              |       |       |       |       |       |       |       |       |     5 ||     5
  Dodge: Dodged            |    20 |    25 |    56 |   421 |   315 |   343 |   363 |   509 |   125 ||  2177
  Block: Buckler           |       |       |       |    72 |    11 |       |       |       |       ||    83
         Tower shield      |       |       |       |     5 |   500 |   825 |   854 |  1078 |   366 ||  3628
         Reflection        |       |       |       |       |    21 |   110 |    82 |    32 |     2 ||   247

Table legend: (Time is in decaauts)
 A = Elapsed time spent in this place.
 B = Non-inter-level travel time spent in this place.
 C = Inter-level travel time spent in this place.
 D = Time resting spent in this place.
 E = Time spent auto-exploring this place.
 F = Levels seen in this place.
 G = Mean time per level.
                   A        B        C        D        E       F      G
               +--------+--------+--------+--------+--------+-----+--------+
         Total |  76301 |  68797 |   7504 |  22158 |  25216 |  50 | 1526.0 |
       Dungeon |  20061 |  16112 |   3949 |   2852 |   7020 |  15 | 1337.4 |
        Temple |      1 |      1 |      0 |      0 |      0 |   1 |    1.0 |
          Lair |   5996 |   5386 |    610 |   1030 |   2573 |   5 | 1199.2 |
         Swamp |   4904 |   4597 |    307 |   2077 |   1253 |   4 | 1226.0 |
     Snake Pit |   8144 |   7537 |    607 |   3096 |   2146 |   4 | 2036.0 |
  Orcish Mines |   2387 |   2142 |    245 |    371 |    875 |   2 | 1193.5 |
   Elven Halls |   5861 |   5596 |    265 |   2186 |   1651 |   3 | 1953.7 |
        Vaults |  11258 |  10572 |    686 |   3981 |   3991 |   5 | 2251.6 |
        Depths |   8666 |   8143 |    523 |   3496 |   2444 |   4 | 2166.5 |
           Zot |   8026 |   7717 |    309 |   2712 |   3016 |   5 | 1605.2 |
         Abyss |     27 |     27 |      0 |      0 |      0 |   1 |   27.0 |
      Gauntlet |    965 |    965 |      0 |    353 |    245 |   1 |  965.0 |
               +--------+--------+--------+--------+--------+-----+--------+

Top non-repeatable levels by time:
Vaults:4: 3157 daAuts
Depths:3: 2518 daAuts
 Snake:4: 2307 daAuts
Depths:1: 2295 daAuts
 Swamp:4: 2275 daAuts
Vaults:5: 2245 daAuts
   Elf:3: 2228 daAuts
   Elf:2: 2202 daAuts
 Snake:2: 2098 daAuts
    D:15: 2077 daAuts
   Zot:2: 2060 daAuts
Vaults:1: 2041 daAuts
Depths:4: 2005 daAuts
Vaults:2: 1972 daAuts
 Snake:1: 1898 daAuts
